 Dungeon Crawl Stone Soup version 0.21.1-1-g345015f (webtiles) character file.

374 Mirai the Chopper (level 6, -7/53 HPs)
             Began as a Minotaur Fighter on Mar 21, 2018.
             Mangled by an ogre
             ... wielding a +0 giant club
              (24 damage)
             ... on level 4 of the Dungeon.
             The game lasted 00:06:12 (2513 turns).

Mirai the Chopper (Minotaur Fighter)                Turns: 2513, Time: 00:06:13

Health: -7/53      AC:  4    Str: 22    XL:     6   Next: 43%
Magic:  5/5        EV: 10    Int:  5    God:
Gold:   167        SH: 10    Dex: 10    Spells: 5/5 levels left

rFire    . . .     SeeInvis .   a - +0 war axe
rCold    . . .     Gourm    .   c - +0 shield
rNeg     . . .     Faith    .   s - +0 robe (curse)
rPois    +         Spirit   .   (helmet restricted)
rElec    .         Reflect  .   u - +0 cloak
rCorr    .         Harm     .   j - +0 pair of gloves
MR       .....                  (no boots)
Stlth    +.........             (no amulet)
HPRegen  0.17/turn              m - ring of poison resistance
MPRegen  0.09/turn              p - ring of wizardry

@: no status effects
A: retaliatory headbutt, horns 2
a: no special abilities


You were on level 4 of the Dungeon.
You were not hungry.

You visited 1 branch of the dungeon, and saw 4 of its levels.

You collected 167 gold pieces.

Inventory:

Hand Weapons
 a - a +0 war axe (weapon)
 x - the +6 mace of Supply {pain, Str+4 Dex-5, unknown}
   (You found it on level 4 of the Dungeon)

   In the hands of one skilled in necromantic magic, it inflicts extra damage on
   living creatures.
   It affects your strength (+4).
   It affects your dexterity (-5).
Armour
 b - a +0 scale mail
 c - a +0 shield (worn)
 j - a +0 pair of gloves (worn)
 s - a cursed +0 robe (worn)
 u - a +0 cloak (worn)
Jewellery
 g - an uncursed ring of stealth {unknown}
 m - a ring of poison resistance (left hand)
 p - a ring of wizardry (right hand)
Scrolls
 e - a scroll of fear {unknown}
 i - a scroll of teleportation {unknown}
 k - 3 scrolls of identify {unknown}
 l - a scroll of enchant armour {unknown}
 n - 2 scrolls of remove curse {unknown}
 q - 2 scrolls of noise {unknown}
 r - 2 scrolls of amnesia {unknown}
 w - a scroll of random uselessness {unknown}
Potions
 d - a potion of might
 h - a potion of flight {unknown}
 o - 2 potions of curing {unknown}
 t - a potion of magic {unknown}
 z - a potion of lignification {unknown}
Comestibles
 f - 8 rations
 v - 3 chunks of flesh


   Skills:
 + Level 4.6 Fighting
 + Level 5.4 Axes
 + Level 4.4 Armour
 * Level 3.0 Dodging
 - Level 4.8 Shields


You had 5 spell levels left.
You didn't know any spells.

Dungeon Overview and Level Annotations

Branches:
Dungeon (4/15)
 Temple: D:4-7

Altars:


Innate Abilities, Weirdness & Mutations

You reflexively headbutt those who attack you in melee.
You have a pair of horns on your head.


Message History

The ogre is lightly wounded.
You closely miss the jackal.
The jackal bites you but does no damage.
You block the jackal's attack. The ogre barely misses you.
You furiously retaliate!
You headbutt the ogre!
Unknown command.
You hit the ogre. You headbutt the ogre.
The ogre is almost dead.
You completely miss the jackal. The jackal closely misses you.
You furiously retaliate!
You headbutt the jackal, but do no damage.
The ogre hits you with a giant club! The jackal misses you.
You furiously retaliate!
You headbutt the jackal, but do no damage.
You hit the ogre. Your headbutt misses the ogre.
The ogre is almost dead.
You slash the jackal!
You kill the jackal!
The ogre hits you with a giant club!!
You die...

#### ...# .. #######
...# ..... #.....## ...#
.....##.###..####†..####
.....##...>.....@O......
......#..........†......
........................
........................
...................#....
......#............#....
.................#.# .##
......#......###.... #
.....##.......# ...


You could see an ogre.

Vanquished Creatures
  A phantom (D:4)
  The ghost of letownia2 the Conjurer, an amateur GrWz (D:4)
  The ghost of Zgarb the Conjurer, an amateur TeCj (D:3)
  An iguana (D:4)
  3 gnolls (D:3)
  An adder skeleton (D:3)
  3 worms
  A dart slug (D:2)
  3 leopard geckos
  8 giant cockroaches
  11 goblins
  6 hobgoblins
  5 jackals
  7 kobolds
  A quokka (D:2)
  3 ball pythons
  10 bats
  4 frilled lizards
  5 rats
75 creatures vanquished.

Notes
Turn   | Place    | Note
-------+----------+-------------------------------------------
     0 | D:1      | Mirai the Minotaur Fighter began the quest for the Orb.
     0 | D:1      | Reached XP level 1. HP: 19/19 MP: 0/0
    83 | D:1      | Reached XP level 2. HP: 27/27 MP: 1/1
   255 | D:1      | Reached skill level 1 in Dodging
   528 | D:1      | Reached XP level 3. HP: 33/33 MP: 2/2
   607 | D:1      | Reached skill level 3 in Axes
  1522 | D:2      | Reached XP level 4. HP: 40/40 MP: 3/3
  1651 | D:3      | Noticed Zgarb's ghost (amateur TeCj)
  1656 | D:3      | Killed Zgarb's ghost
  1656 | D:3      | Reached XP level 5. HP: 41/46 MP: 4/4
  1657 | D:3      | Reached skill level 4 in Axes
  2372 | D:4      | Noticed a phantom
  2399 | D:4      | Killed a phantom
  2399 | D:4      | Reached XP level 6. HP: 43/53 MP: 5/5
  2456 | D:4      | Noticed letownia2's ghost (amateur GrWz)
  2462 | D:4      | Reached skill level 5 in Axes
  2466 | D:4      | Killed letownia2's ghost
  2484 | D:4      | Got a steaming mace
  2513 | D:4      | Mangled by an ogre

Skill      XL: |  1  2  3  4  5  6 |
---------------+-------------------+-----
Dodging        | 1 2 3 |  3.0
Fighting       | 4 |  4.6
Shields        | 4 |  4.8
Axes           | 3 4 5 |  5.4
Armour         | 4 |  4.4

Action                   |  1- 3 |  4- 6 || total
-------------------------+-------+-------++-------
Melee: War axe           |   122 |    55 ||   177
       Headbutt          |    14 |    11 ||    25
  Use: Potion            |       |     1 ||     1
  Eat: Chunk             |     2 |     3 ||     5
Armor: Scale mail        |    52 |     7 ||    59
       Robe              |       |    10 ||    10
Dodge: Dodged            |    46 |    19 ||    65
Block: Shield            |    75 |    37 ||   112
